Map: Tokamak LE

Players

ShoWTimE

  • Race: Protoss Protoss
  • League: Grandmaster
  • Spawn Location: 7:00

Zoun - Winner!

  • Race: Protoss Protoss
  • League: Master
  • Spawn Location: 1:00

Event: HomeStory Cup XXVII

VOD

Have the link to the VOD?

Description

Time

  • Played on: June 29, 2025, 3:42 p.m.
  • Length: 11:29

All games in this series

Show
View Real Time Build Order
Export as new Build Order

ShoWTimE Protoss 

Build Orders: Phoenix Opening, Blink Stalkers 

Get SALT Encoding   

  12  0:00  Probe  
  13  0:12  Probe  
  14  0:17  Pylon  
  14  0:23  Probe  
  15  0:31  Probe  
  15  0:36  Gateway  
  15  0:39  Probe  
  16  0:46  Assimilator  
  17  0:50  Probe  
  17  0:56  Assimilator  
  18  0:59  Probe  
  19  1:07  Probe  
  19  1:08  Gateway  
  20  1:17  Probe  
  20  1:24  Cybernetics Core  
  21  1:29  Probe  
  22  1:35  Pylon  
  22  1:41  Probe  
  23  1:53  Probe  
  24  1:57  Stalker  
  24  2:00  Warp Gate  
  26  2:04  Sentry  
  26  2:05  Probe  
  29  2:10  Pylon  
  29  2:18  Probe  
  30  2:24  Pylon  
  30  2:27  Sentry  
  32  2:31  Probe  
  23  2:37  Phoenix  
  33  2:44  Probe  
  34  2:53  Nexus  
  34  2:56  Twilight Council  
  34  2:58  Probe  
  34  3:04  Sentry  
  37  3:08  Pylon  
  37  3:11  Probe  
  38  3:13  Blink  
  38  3:20  Phoenix  
  38  3:21  Probe  
  39  3:29  Probe  
  40  3:37  Probe  
  41  3:46  Probe  
  41  3:48  Adept x2  
  45  3:55  Probe  
  47  4:03  Probe  
  47  4:05  Probe  
  49  4:11  Stalker x2  
  49  4:16  Probe  
  54  4:17  Probe  
  51  4:28  Probe  
  51  4:30  Probe  
  53  4:38  Stalker x2  
  57  4:41  Probe, Nexus  
  57  4:43  Pylon  
  57  4:44  Probe  
  59  4:50  Robotics Facility  
  59  4:51  Assimilator  
  59  4:54  Probe  
  59  4:56  Probe  
  61  5:01  Stalker  
  61  5:02  Stalker  
  61  5:06  Phoenix, Probe  
  66  5:07  Shield Battery  
  66  5:10  Pylon  
  66  5:12  Probe  
  67  5:15  Probe  
  67  5:20  Probe  
  68  5:22  Forge  
  68  5:23  Probe  
  68  5:25  Phoenix  
  68  5:28  Probe  
  70  5:29  Pylon  
  70  5:32  Probe  
  72  5:37  Protoss Ground Weapons Level 1  
  72  5:38  Observer  
  72  5:39  Probe  
  74  5:44  Probe  
  75  5:50  Gateway  
  75  5:51  Gateway, Probe  
  75  5:56  Probe x2  
  78  5:57  Immortal  
  78  5:58  Gateway  
  78  6:01  Gateway  
  78  6:02  Resonating Glaives  
  82  6:14  Gateway  
  82  6:18  Gateway  
  82  6:20  Pylon  
  82  6:24  Stalker  
  84  6:29  Warp Prism  
  84  6:32  Pylon  
  81  6:37  Phoenix  
  81  6:38  Stalker  
  83  6:45  Pylon  
  83  6:47  Probe  
  83  6:51  Probe  
  83  6:52  Probe  
  83  6:53  Assimilator  
  86  6:57  Adept x5  
  86  6:58  Pylon  
  96  7:05  Observer  
  97  7:11  Adept x2  
  101  7:21  Adept x6  
  113  7:23  Probe  
  113  7:25  Pylon  
  114  7:36  Stalker x2  
  118  7:39  Pylon  
  118  7:41  Stalker x6  
  114  8:01  Adept x2  
  114  8:05  Adept x3  
  112  8:09  Stalker x3  
  112  8:11  Immortal  
  118  8:29  Adept x5  
  128  8:36  Stalker  
  130  8:44  Photon Cannon  
  130  8:45  Nexus  
  130  8:46  Observer  
  130  8:48  Stalker x2  
  126  8:51  Adept x2  
  130  9:03  Gateway  
  130  9:06  Gateway  
  130  9:08  Adept x4  
  138  9:13  Adept x3  
  138  9:17  Adept  
  146  9:18  Probe x2  
  146  9:19  Probe  
  149  9:25  Pylon  
  149  9:26  Pylon  
  149  9:47  Stalker x3  
  149  9:48  Stalker x3  
  160  9:53  Adept x2  
  160  9:57  Adept x2  
  161  10:00  Adept x2  
  161  10:01  Phoenix  
  162  10:19  Pylon  
  162  10:21  Pylon  
  162  10:23  Pylon  
  162  10:24  Pylon  
  162  10:35  Pylon  
  162  10:46  Adept x10  
  182  10:50  Pylon  
  158  11:10  Adept x2  
  158  11:11  Adept x2  
Show
View Real Time Build Order
Export as new Build Order

Zoun Protoss - Winner!

Build Orders: Phoenix Opening, Blink Stalkers 

Get SALT Encoding   

  12  0:00  Probe  
  13  0:12  Probe  
  14  0:17  Pylon  
  14  0:23  Probe  
  15  0:31  Probe  
  15  0:36  Gateway  
  15  0:39  Probe  
  16  0:45  Assimilator  
  17  0:50  Probe  
  17  0:54  Assimilator  
  18  0:59  Probe  
  19  1:07  Gateway, Probe  
  19  1:18  Probe  
  20  1:24  Cybernetics Core  
  21  1:30  Probe  
  22  1:37  Pylon  
  22  1:42  Probe  
  23  1:55  Probe  
  23  1:58  Stalker  
  23  2:00  Sentry  
  28  2:05  Warp Gate  
  28  2:08  Probe  
  29  2:10  Pylon  
  29  2:20  Pylon  
  29  2:31  Sentry  
  29  2:32  Phoenix  
  31  2:43  Nexus  
  31  2:46  Sentry  
  31  2:50  Probe  
  34  2:55  Shield Battery  
  34  2:58  Probe  
  35  3:07  Probe  
  35  3:09  Twilight Council  
  36  3:16  Phoenix  
  36  3:17  Blink  
  36  3:18  Pylon  
  36  3:21  Probe  
  37  3:33  Probe  
  38  3:45  Probe  
  39  3:53  Stalker  
  39  3:54  Stalker  
  43  3:57  Probe x2  
  43  4:02  Phoenix  
  45  4:09  Probe  
  47  4:10  Probe  
  47  4:13  Phoenix  
  47  4:21  Probe  
  47  4:22  Probe, Stalker x2  
  53  4:30  Robotics Facility  
  53  4:33  Probe  
  53  4:34  Probe  
  55  4:45  Probe  
  56  4:46  Probe  
  56  4:50  Nexus  
  56  4:52  Pylon  
  57  4:56  Stalker  
  57  4:57  Probe  
  57  4:58  Stalker  
  62  5:03  Phoenix  
  62  5:04  Assimilator  
  62  5:09  Forge  
  62  5:10  Probe  
  62  5:11  Shield Battery  
  62  5:13  Probe  
  64  5:18  Observer  
  65  5:22  Probe  
  65  5:24  Pylon  
  65  5:25  Probe  
  65  5:26  Protoss Ground Weapons Level 1  
  65  5:27  Charge  
  67  5:31  Stalker  
  67  5:34  Probe  
  70  5:36  Pylon  
  70  5:42  Probe  
  71  5:46  Probe  
  71  5:47  Stalker  
  74  5:50  Gateway  
  74  5:52  Gateway  
  74  5:53  Probe  
  74  5:56  Probe  
  75  5:58  Probe  
  75  6:01  Probe  
  77  6:04  Probe  
  77  6:05  Stalker  
  77  6:06  Probe  
  77  6:09  Observer, Probe  
  82  6:13  Probe  
  82  6:16  Gateway  
  82  6:17  Gateway, Probe  
  84  6:21  Probe  
  84  6:23  Assimilator  
  84  6:25  Phoenix  
  82  6:34  Stalker x2  
  84  6:44  Probe x2  
  86  6:49  Gateway, Pylon  
  86  6:50  Gateway  
  86  6:56  Templar Archives  
  86  6:57  Probe  
  86  7:00  Pylon  
  87  7:02  Zealot x3  
  87  7:05  Protoss Ground Weapons Level 2  
  87  7:06  Observer, Zealot  
  87  7:07  Nexus  
  95  7:08  Pylon  
  95  7:13  Photon Cannon  
  95  7:19  Immortal  
  95  7:22  Zealot  
  95  7:23  Zealot x4  
  95  7:28  Zealot  
  111  7:40  Shield Battery  
  111  7:43  Stalker x3  
  117  7:47  Stalker x2  
  113  7:52  Stalker x2  
  113  7:57  Stalker  
  107  8:06  Shield Battery, Sentry x2  
  107  8:07  Shield Battery  
  107  8:09  Stalker  
  113  8:14  Stalker x2  
  117  8:21  Stalker x2  
  120  8:27  Shield Battery  
  120  8:28  Immortal  
  123  8:34  Stalker  
  123  8:35  Zealot x3  
  129  8:42  Stalker x2  
  133  8:48  Pylon x2  
  133  8:49  Pylon x2  
  133  9:02  Protoss Ground Armor Level 1  
  133  9:05  Robotics Bay  
  133  9:07  Observer  
  134  9:10  Photon Cannon  
  134  9:12  Nexus  
  134  9:17  Pylon  
  134  9:19  Pylon x2  
  134  9:21  Photon Cannon  
  134  9:22  Photon Cannon  
  134  9:30  Probe x3  
  136  9:51  Nexus  
  136  9:52  Pylon  
  136  9:55  Probe  
  136  9:57  Disruptor  
  136  9:59  Observer, Stalker x5  
  149  10:07  Zealot x3  
  149  10:11  Shield Battery  
  149  10:12  Probe  
  149  10:13  Photon Cannon  
  154  10:16  Pylon  
  154  10:18  Probe x2  
  152  10:22  Observer  
  152  10:24  Probe  
  152  10:25  Disruptor, Photon Cannon  
  152  10:26  Shield Battery  
  153  10:28  Photon Cannon  
  153  10:35  Stalker x3  
  163  10:41  Zealot x2  
  163  10:42  Zealot  
  169  10:57  Stalker x2  
  169  11:03  Stalker x3  
  169  11:04  Stalker  
  173  11:08  Stalker x2  
  173  11:09  Stalker x2  
  133  11:20  Stalker x3  
Tags
 
Add a new tag
Caveats
  • Supply blocks, unpowered buildings, or Contaminate may cause inaccurate times.
  • Supply counts are checked every 10 seconds.